 Dungeon Crawl Stone Soup version 0.26.0-16-gc1dbca0489 (webtiles) character file.

Game seed: 1438835033405361293

5784 JustYaKnow the Blocker (level 10, -4/86 HPs)
             Began as a Minotaur Fighter on Jan 19, 2021.
             Was a Priest of Zin.
             Slain by a spriggan
             ... wielding a +0 trident
              (8 damage)
             ... on level 9 of the Dungeon.
             The game lasted 00:38:47 (7704 turns).

JustYaKnow the Blocker (Minotaur Fighter)           Turns: 7704, Time: 00:38:48

Health: -4/86      AC: 20    Str: 24    XL:     10   Next: 50%
Magic:  9/9        EV: 11    Int:  5    God:    Zin [***...]
Gold:   327        SH: 16    Dex: 10    Spells: 8/9 levels left

rFire    . . .     SeeInvis .   p - +1 flail (protect)
rCold    + . .     Faith    .   c - +0 kite shield
rNeg     . . .     Spirit   .   o - +2 scale mail {rC+}
rPois    .         Reflect  .   r - +0 hat
rElec    .         Harm     .   q - +2 cloak
rCorr    .         Rampage  .   m - +0 pair of gloves
Will     .....                  b - +0 pair of boots
Stlth    ..........             (no amulet)
HPRegen  0.24/turn              f - ring of flight
MPRegen  0.11/turn              g - +4 ring of protection

@: about to teleport, berserk cooldown, slowed, very slow
A: retaliatory headbutt, horns 2, large bone plates 1, mutation resistance 1
a: Renounce Religion, Evoke Flight, Recite, Vitalisation, Imprison, Donate Gold


You were on level 9 of the Dungeon.
You worshipped Zin.
Zin was most pleased with you.
You visited 2 branches of the dungeon, and saw 10 of its levels.

You collected 363 gold pieces.
You donated 36 gold pieces to Zin.

Inventory:

Hand Weapons
 e - a +2 vorpal quarterstaff
 p - a +1 flail of protection (weapon)
 w - a +2 flail of freezing
 y - a +2 falchion
 z - the +4 rapier of Netaset {freeze, +Inv Int-5 Dex+2 SInv}
   (You found it on level 8 of the Dungeon)

   It has been specially enchanted to freeze those struck by it, causing extra
   injury to most foes and up to half again as much damage against particularly
   susceptible opponents.
   It can also slow down cold-blooded creatures.
   It affects your intelligence (-5).
   It affects your dexterity (+2).
   It lets you see invisible.
   It lets you turn invisible.
 A - a +4 halberd
Armour
 b - a +0 pair of boots (worn)
 c - a +0 kite shield (worn)
 m - a +0 pair of gloves (worn)
 o - a +2 scale mail of cold resistance (worn)
 q - a +2 cloak (worn)
 r - a +0 hat (worn)
 x - a +0 plate armour
 C - a +0 plate armour
Magical Staves
 i - an uncursed staff of fire {unknown}
 B - an uncursed staff of fire {unknown}
Jewellery
 f - a ring of flight (left hand)
 g - a +4 ring of protection (right hand)
 t - the ring of Sibun {Dex+6 Slay+2}
   (You found it on level 8 of the Dungeon)

   [ring of dexterity]

   It affects your dexterity (+6).
   It affects your accuracy and damage with ranged weapons and melee attacks
   (+2).
Wands
 d - a wand of digging (3)
 u - a wand of acid (5)
Scrolls
 j - 2 scrolls of magic mapping
 l - 6 scrolls of remove curse
 n - a scroll of random uselessness {unknown}
 v - a scroll of teleportation
 D - a scroll of identify
Potions
 a - 2 potions of berserk rage
Miscellaneous
 k - a lightning rod (4/4)


   Skills:
 + Level 7.0 Fighting
 + Level 5.6 Long Blades
 + Level 9.4 Maces & Flails
 + Level 7.5 Armour
 + Level 5.6 Dodging
 + Level 1.2 Stealth
 + Level 11.2 Shields
 + Level 0.6 Invocations


You had 8 spell levels left.
You knew the following spells:

 Your Spells              Type           Power        Failure   Level
a - Beastly Appendage     Tmut           0%           88%         1

Your spell library contained the following spells:

 Spells                   Type           Power        Failure   Level
 Animate Skeleton         Necr           0%           88%         1
 Apportation              Tloc           0%           88%         1
 Corona                   Hex            0%           88%         1
 Magic Dart               Conj           0%           88%         1
 Summon Small Mammal      Summ           0%           88%         1
 Blink                    Tloc           N/A          96%         2
 Call Imp                 Summ           0%           96%         2
 Slow                     Hex            0%           96%         2
 Wereblood                Tmut           0%           96%         2
 Conjure Flame            Conj/Fire      0%           99%         3
 Mephitic Cloud           Conj/Pois/Air  0%           99%         3
 Spider Form              Tmut/Pois      0%           99%         3
 Ice Form                 Ice/Tmut       0%           100%        4
 Blade Hands              Tmut           0%           100%        5


Dungeon Overview and Level Annotations

Branches:
Dungeon (9/15)             Temple (1/1) D:4
   Lair: D:8-11         Orc: D:9-12

Altars:
Ashenzari
Cheibriados
Dithmenos
Elyvilon
Fedhas
Gozag
Hepliaklqana
Makhleb
Nemelex Xobeh
Okawaru
Ru
Sif Muna
Trog
Uskayaw
Vehumet
Xom
Zin
The Shining One

Shops:
D:5 (


Innate Abilities, Weirdness & Mutations

You reflexively headbutt those who attack you in melee.
You have a pair of horns on your head.
You are partially covered in large bone plates. (SH +4)
You are somewhat resistant to further mutation.


Message History

The polar bear claws you but does no damage.
The spriggan hits you but does no damage.
You block the spriggan's attack. You block the polar bear's attack.
The polar bear claws you but does no damage.
The polar bear claws you.
* * * LOW HITPOINT WARNING * * *
The spriggan hits you with a +0 trident!
* * * LOW HITPOINT WARNING * * *
The spriggan hits you but does no damage.
As you read the scroll of teleportation, it crumbles to dust.
You feel strangely unstable. You block the spriggan's attack.
The polar bear bites you but does no damage.
You block the polar bear's attack.
The polar bear claws you but does no damage.
The spriggan hits you but does no damage.
The spriggan barely misses you. You block the spriggan's attack.
The spriggan hits you with a +4 spear.
* * * LOW HITPOINT WARNING * * *
The spriggan hits you from afar with a +0 trident!
You die...

♣♣..!PP.♣ ♣♣...♣♣..♣♣
........ ♣...).♣P♣}♣
#......# ♣.♣##'##♣.♣
#......+ ♣♣#8.i.8#♣♣
#......# #....h....#
#..§.§.# ##....#####
#§§§§..###
......#######§§ii....#
.......h.ii§§§ih@.=..#
....##################
....# ....# #####


You could see a polar bear and 3 spriggans.

Vanquished Creatures
  Harold (D:8)
  The ghost of boopsy the Severer, a novice DDSu of Makhleb (D:9)
  Pikel (D:5)
  An oklob plant (D:8)
  Joseph (D:8)
  A kobold demonologist (D:8)
  A wyvern (D:6)
  3 orc warriors
  2 ice beasts
  A black bear (D:9)
  An ogre (D:4)
  A centaur (D:6)
  A lemure (D:5)
  11 big kobolds (D:8)
  10 wights
  2 bullfrog zombies
  A hound (D:5)
  3 orc priests
  2 bullfrog skeletons
  A gnoll shaman (D:4)
  An iguana (D:4)
  8 orc wizards
  5 worker ants
  A hound zombie (D:6)
  7 adders
  7 gnolls
  A shadow imp (D:5)
  A white imp (D:5)
  2 ufetubi (D:7)
  3 oozes
  An adder skeleton (D:4)
  2 worms
  A dart slug (D:3)
  8 leopard geckos
  42 orcs
  2 ball pythons (D:3)
  11 bats
  7 giant cockroaches
  7 goblins
  9 hobgoblins
  12 jackals
  3 quokkas
  7 frilled lizards
  A jackal skeleton (D:5)
  17 kobolds
  7 rats
219 creatures vanquished.

Vanquished Creatures (others)
  5 fungi (D:3)
  3 plants (D:9)
8 creatures vanquished.

Grand Total: 227 creatures vanquished

Notes
Turn   | Place    | Note
-------+----------+-------------------------------------------
     0 | D:1      | JustYaKnow the Minotaur Fighter began the quest for the
                  | Orb.
     0 | D:1      | Reached XP level 1. HP: 19/19 MP: 0/0
   187 | D:1      | Reached XP level 2. HP: 27/27 MP: 1/1
   307 | D:1      | Reached skill level 4 in Shields
   632 | D:2      | Reached XP level 3. HP: 33/33 MP: 2/2
   702 | D:2      | Learned a level 1 spell: Beastly Appendage
  1131 | D:2      | Found a snail-covered altar of Cheibriados.
  1402 | D:2      | Reached XP level 4. HP: 40/40 MP: 3/3
  1797 | D:3      | Found a sparkling altar of Nemelex Xobeh.
  1852 | D:3      | Reached XP level 5. HP: 46/46 MP: 4/4
  2207 | D:3      | Reached skill level 5 in Shields
  2356 | D:4      | Noticed an ogre
  2366 | D:4      | Killed an ogre
  2367 | D:4      | Reached skill level 1 in Dodging
  2367 | D:4      | Reached XP level 6. HP: 41/53 MP: 5/5
  2405 | D:4      | Gained mutation: You are partially covered in large bone
                  | plates. (SH +4) [potion of mutation]
  2405 | D:4      | Gained mutation: You are somewhat resistant to further
                  | mutation. [potion of mutation]
  2465 | D:4      | You fall into a shaft and drop 2 floors!
  2467 | D:6      | Noticed an ice beast
  2478 | D:6      | Killed an ice beast
  2479 | D:6      | Reached skill level 5 in Long Blades
  2479 | D:6      | Reached skill level 5 in Armour
  2584 | D:5      | Entered Level 5 of the Dungeon
  2730 | D:4      | Noticed an orc warrior
  2853 | D:5      | Noticed an ice beast
  2866 | D:5      | Killed an ice beast
  2867 | D:5      | Reached skill level 6 in Shields
  2867 | D:5      | Reached XP level 7. HP: 60/60 MP: 6/6
  2886 | D:5      | Reached skill level 1 in Maces & Flails
  2953 | D:4      | Found a staircase to the Ecumenical Temple.
  3335 | D:4      | Reached skill level 5 in Fighting
  3464 | Temple   | Entered the Ecumenical Temple
  3689 | Temple   | Became a worshipper of Zin the Law-Giver
  3689 | Temple   | Reached * piety under Zin
  3929 | D:5      | Found Luat's Antique Weapon Emporium.
  3929 | D:5      | Noticed Pikel
  3961 | D:5      | Killed Pikel
  3962 | D:5      | Reached skill level 7 in Shields
  3962 | D:5      | Reached XP level 8. HP: 58/68 MP: 7/7
  4563 | D:6      | Reached skill level 5 in Maces & Flails
  4563 | D:6      | Reached skill level 1 in Stealth
  4568 | D:6      | Reached skill level 8 in Shields
  4636 | D:7      | Reached ** piety under Zin
  5163 | D:7      | Reached XP level 9. HP: 54/73 MP: 8/8
  5385 | D:6      | Reached skill level 9 in Shields
  5581 | D:6      | Reached *** piety under Zin
  6100 | D:8      | Noticed Joseph
  6124 | D:8      | Killed Joseph
  6159 | D:8      | Got a steaming iron ring
  6173 | D:8      | Identified the ring of Sibun {Dex+6 Slay+2} (You found it
                  | on level 8 of the Dungeon)
  6244 | D:8      | Found a radiant altar of Vehumet.
  6311 | D:8      | Got an encrusted rapier
  6346 | D:8      | Noticed an oklob plant
  6357 | D:8      | Found a burning altar of Makhleb.
  6375 | D:8      | Killed an oklob plant
  6600 | D:8      | Found a blossoming altar of Fedhas.
  6630 | D:8      | Reached skill level 10 in Shields
  6728 | D:8      | Noticed Harold
  6756 | D:8      | Killed Harold
  6757 | D:8      | Reached XP level 10. HP: 84/84 MP: 9/9
  6799 | D:8      | Noticed an orange demon
  6808 | D:8      | Noticed a sun demon
  6823 | D:8      | Noticed a soul eater
  6867 | D:8      | Noticed a smoke demon
  6899 | D:8      | Reached skill level 5 in Dodging
  7484 | D:9      | Identified the +4 rapier of Netaset {freeze, +Inv Int-5
                  | Dex+2 SInv} (You found it on level 8 of the Dungeon)
  7619 | D:9      | Found a runed translucent door.
  7620 | D:9      | Noticed boopsy's ghost (novice DDSu)
  7621 | D:9      | Identified the +5 spear "Bawkot" {holy, rPois Str+3 Dex-5}
  7681 | D:9      | Killed boopsy's ghost
  7682 | D:9      | Reached skill level 11 in Shields
  7704 | D:9      | HP: 4/86 [spriggan/+4 spear (6)]
  7704 | D:9      | Slain by a spriggan

Illustrated notes

Levels and vault maps discovered:
D:1:      tarquinn_simple_flora_water_d, layout_basic, minmay_cupped
D:2:      layout_basic, cheibriados_altar_1
D:3:      layout_basic, nemelex_altar_shiori, minmay_shallow_snake_nest
D:4:      layout_loops_ring, minmay_temple_entry_drinking_statues,
          kennysheep_generic_room_15
D:5:      layout_gridville, yredelemnul_forgotten_temple_becter, serial_shops,
          shop, grunt_ministairs_7, kennysheep_cluttered_room, minivault_25,
          hangedman_decor_riveting, uniq_pikel
D:6:      kennysheep_big_flooded_room, layout_rooms, kennysheep_little_box,
          serial_shops, shop
D:7:      layout_cave_pools, grunt_ministairs_12
D:8:      layout_rooms, vehumet_crystals, basic_altar, enter_ossuary_5,
          special_room [special_room_kobold], lemuel_oklob_altar, uniq_harold,
          uniq_joseph
D:9:      layout_irregular_city, lemuel_round_altar,
          chequers_temple_overflow_statue_of_worship,
          ebering_ghost_funeral_grove
Temple:   nicolae_temple_great_sept

Skill      XL: |  1  2  3  4  5  6  7  8  9 10 |
---------------+-------------------------------+-----
Armour         | 4 5 6 7 |  7.5
Shields        | 4 5 6 7 8 10 11 | 11.2
Fighting       | 4 5 6 7 |  7.0
Long Blades    | 3 4 5 |  5.6
Dodging        | 1 2 3 4 5 |  5.6
Maces & Flails | 4 5 8 9 |  9.4
Stealth        | 1 |  1.2
Invocations    | |  0.6

Action                   |  1- 3 |  4- 6 |  7- 9 | 10-12 || total
-------------------------+-------+-------+-------+-------++-------
Melee: Long sword        |   117 |   119 |       |       ||   236
       Headbutt          |    17 |    38 |    58 |    33 ||   146
       Flail             |       |    35 |   327 |   151 ||   513
Invok: Recite            |       |       |       |     2 ||     2
  Use: Potion            |     5 |     3 |    12 |     4 ||    24
       Scroll            |       |     9 |     2 |     8 ||    19
Armor: Scale mail        |    45 |    66 |   205 |    89 ||   405
Dodge: Dodged            |    30 |    41 |   169 |    95 ||   335
Block: Kite shield       |    75 |   106 |   377 |   205 ||   763
       Rpst.: Long sword |    10 |    10 |       |       ||    20
